 Dungeon Crawl Stone Soup version 0.22-a0-525-gf69a080 (webtiles) character file.

154 kae the Insei (level 5, -2/38 HPs)
             Began as a Demonspawn Transmuter on June 20, 2018.
             Slain by a gnoll
             ... wielding a +0 spear
              (4 damage)
             ... on level 3 of the Dungeon.
             The game lasted 00:02:14 (3950 turns).

kae the Insei (Demonspawn Transmuter)               Turns: 3950, Time: 00:02:15

Health: -2/38      AC:  2    Str: 11    XL:     5   Next: 13%
Magic:  1/9        EV: 19    Int: 14    God:
Gold:   115        SH:  0    Dex: 19    Spells: 3/9 levels left

rFire    . . .     SeeInvis .     - Unarmed
rCold    . . .     Gourm    .   (shield currently unavailable)
rNeg     . . .     Faith    .   (armour currently unavailable)
rPois    x         Spirit   .   (helmet currently unavailable)
rElec    .         Reflect  .   (cloak currently unavailable)
rCorr    .         Harm     .   (gloves currently unavailable)
MR       .....                  (boots currently unavailable)
Stlth    ++........             (no amulet)
HPRegen  0.12/turn              (no ring)
MPRegen  0.11/turn              (no ring)

@: spider-form (expiring), very slightly contaminated
A: tiny
a: End Transformation


You were on level 3 of the Dungeon.
You were very hungry.
You were a venomous arachnid creature.
You visited 1 branch of the dungeon, and saw 3 of its levels.

You collected 115 gold pieces.

Inventory:

Missiles
 a - 23 arrows
Armour
 b - a +0 robe (melded)
 l - a scarf of repulsion
 r - a +0 cloak (melded)
Jewellery
 i - a +4 ring of intelligence {unknown}
 p - an uncursed ring of protection from fire {unknown}
Wands
 c - a wand of flame (27)
Potions
 h - 2 potions of agility
 j - a potion of mutation
 k - a potion of resistance {unknown}
 q - a potion of degeneration {unknown}
 s - 2 potions of brilliance {unknown}
 t - a potion of ambrosia {unknown}
Comestibles
 d - 5 rations


   Skills:
 + Level 2.2 Fighting
 - Level 1.7 Dodging
 * Level 4.0 Unarmed Combat
 + Level 2.8 Spellcasting
 + Level 2.6 Transmutations


You had 3 spell levels left.
You knew the following spells:

 Your Spells              Type           Power        Failure   Level  Hunger
a - Beastly Appendage     Tmut           #.....       21%         1    #......
b - Sticks to Snakes      Tmut           #.......     26%         2    ###....
c - Spider Form           Tmut/Pois      #.........   58%         3    ###....

Your spell library contained the following spells:

 Spells                   Type           Power        Failure   Level  Hunger
 Blade Hands              Tmut           #.........   97%         5    ######.
 Ice Form                 Ice/Tmut       #.......     90%         4    #####..


Dungeon Overview and Level Annotations

Branches:
Dungeon (3/15)

Altars:

Annotations:
D:2 Sigmund


Innate Abilities, Weirdness & Mutations

((You have sharp toenails.))
((Your movements are slightly less encumbered by armour. (ER -2)))


Message History

You bite the gnoll!
The gnoll is severely wounded.
The gnoll hits you from afar with a spear!
* * * LOW HITPOINT WARNING * * *
The gnoll misses you.
You hit the gnoll.
You kill the gnoll!
Your Unarmed Combat skill increases to level 4!
The gnoll closely misses you. The gnoll misses you.
Things that are here:
a club; a throwing net You hit the gnoll.
The gnoll is poisoned.
The gnoll is heavily wounded.
Your transformation is almost over.
The gnoll completely misses you.
You completely miss the gnoll.
The gnoll is heavily wounded.
The gnoll hits you with a spear.
You die...

############...
#......sg..'...
######'##########...
#............#
#......(.###.#
#.......)..#.#
#####......(##.#.#
..[)).)....###.#.#
##############.#.#
.#...........#.#.#


You could see a gnoll.

Vanquished Creatures
  An orc wizard (D:3)
  An orc priest (D:3)
  A gnoll (D:3)
  2 adders (D:2)
  An ooze (D:3)
  A worm (D:2)
  2 dart slugs (D:2)
  2 leopard geckos (D:2)
  2 orcs (D:3)
  A giant cockroach (D:1)
  6 goblins
  2 hobgoblins
  5 jackals (D:1)
  5 kobolds
  8 bats
  3 frilled lizards
  7 rats
50 creatures vanquished.

Vanquished Creatures (collateral kills)
  A worm (D:2)
  A bat (D:2)
2 creatures vanquished.

Vanquished Creatures (others)
  An adder (D:2)
1 creature vanquished.

Grand Total: 53 creatures vanquished

Notes
Turn   | Place    | Note
-------+----------+-------------------------------------------
     0 | D:1      | kae the Demonspawn Transmuter began the quest for the Orb.
     0 | D:1      | Reached XP level 1. HP: 15/15 MP: 3/3
   398 | D:1      | Gained mutation: Your movements are slightly less encumbered by armour. (ER -2) [demonic ancestry]
   398 | D:1      | Reached XP level 2. HP: 18/21 MP: 5/5
   532 | D:1      | Reached skill level 3 in Unarmed Combat
  1247 | D:1      | Learned a level 2 spell: Sticks to Snakes
  1724 | D:2      | Reached XP level 3. HP: 17/26 MP: 4/6
  1929 | D:2      | Learned a level 3 spell: Spider Form
  2971 | D:2      | Reached XP level 4. HP: 24/33 MP: 4/7
  3169 | D:2      | Noticed Sigmund
  3646 | D:3      | Gained mutation: You have sharp toenails. [demonic ancestry]
  3646 | D:3      | Reached XP level 5. HP: 9/38 MP: 3/9
  3946 | D:3      | HP: 1/38 [gnoll/spear (8)]
  3947 | D:3      | Reached skill level 4 in Unarmed Combat
  3950 | D:3      | Slain by a gnoll

Vault maps used:
D:1:      minmay_arrival_split_and_join
D:2:      uniq_sigmund
D:3:      nemelex_lonely_heart_becter

Skill      XL: |  1  2  3  4  5 |
---------------+----------------+-----
Unarmed Combat | 3 4 |  4.0
Transmutations | 2 |  2.6
Fighting       | 2 |  2.2
Dodging        | |  1.7
Spellcasting   | |  2.8

Action                   |  1- 3 |  4- 6 || total
-------------------------+-------+-------++-------
Melee: Unarmed           |   187 |    47 ||   234
       Kick              |    12 |       ||    12
       Headbutt          |     5 |       ||     5
       Punch             |     2 |       ||     2
 Cast: Beastly Appendage |    16 |     1 ||    17
       Sticks to Snakes  |     4 |       ||     4
       Spider Form       |     1 |     4 ||     5
  Use: Scroll            |       |     8 ||     8
 Stab: Sleeping          |     2 |       ||     2
  Eat: Chunk             |     7 |     3 ||    10
Armor: Robe              |    39 |     9 ||    48
       Skin              |     1 |       ||     1
Dodge: Dodged            |   133 |    51 ||   184
       Deflected         |     7 |       ||     7

Table legend:
 A = Spawn XP
 B = Non-spawn XP
 C = Spawn XP percentage of total XP
 D = Spawn monster count
 E = Non-spawn monster count
 F = Spawn count percentage of total count
 G = Total turns spent on level
                    A         B        C        D         E        F      G
               +---------+---------+-------+---------+---------+-------+---------
         Total |       0 |     221 |   0.0 |       0 |      53 |   0.0 |  3950
               +---------+---------+-------+---------+---------+-------+---------
           D:1 |       0 |      34 |   0.0 |       0 |      22 |   0.0 |  1580
           D:2 |       0 |      73 |   0.0 |       0 |      23 |   0.0 |  1950
           D:3 |       0 |     114 |   0.0 |       0 |       8 |   0.0 |   420
               +---------+---------+-------+---------+---------+-------+---------
